 Dungeon Crawl Stone Soup version 0.24.0-123-gd5b16e6ec5 (webtiles) character file.

Game seed: 17877945416830168240, levelgen mode: deterministic

27434 Johnny the Impaler (level 12, -4/101 HPs)
             Began as a Demigod Gladiator on Jan 26, 2020.
             Slain by a sixfirhy (12 damage)
             ... summoned by Frances
             ... on level 13 of the Dungeon.
             The game lasted 00:16:48 (12756 turns).

Johnny the Impaler (Demigod Gladiator)             Turns: 12756, Time: 00:16:49

Health: -4/101     AC:  7    Str: 25    XL:     12   Next: 68%
Magic:  24/24      EV: 13    Int: 12    God:
Gold:   66         SH:  0    Dex: 17    Spells: 11/11 levels left

rFire    + . .     SeeInvis +   u - +9 halberd
rCold    . . .     Gourm    .   (shield currently unavailable)
rNeg     . . .     Faith    .   E - +1 troll leather armour
rPois    .         Spirit   .   l - +0 helmet
rElec    .         Reflect  .   z - +0 cloak
rCorr    +         Harm     +   (no gloves)
MR       +....                  (no boots)
Stlth    +.........             g - amulet of harm
HPRegen  0.66/turn              h - +4 ring of protection
MPRegen  0.19/turn              d - ring "Lusatwas" {rCorr MP+9 SInv}

@: corroded
A: claws 1, talons 1, fire resistance 1, high mp 1, wild magic 1
a: no special abilities


You were on level 13 of the Dungeon.
You were not hungry.

You visited 2 branches of the dungeon, and saw 14 of its levels.
You also visited: Gauntlet.

You collected 645 gold pieces.
You spent 579 gold pieces at shops.

Inventory:

Hand Weapons
 u - a +9 halberd (weapon)
 F - a +2 glaive of distortion
Armour
 l - a +0 helmet (worn)
 x - a +2 scale mail of cold resistance
 z - a +0 cloak (worn)
 E - a +1 troll leather armour (worn)
 G - a +2 scale mail of poison resistance
 R - the +1 robe "Ecaifoq" {MR+ Str+5 Stlth+, unknown}
   (You found it on level 13 of the Dungeon)

   It affects your strength (+5).
   It affects your resistance to hostile enchantments.
   It makes you more stealthy.
Jewellery
 c - an uncursed ring of flight
 d - the ring "Lusatwas" (right claw) {rCorr MP+9 SInv}
   (You found it in a Gauntlet)

   [ring of resist corrosion]

   It affects your magic capacity (+9).
   It lets you see invisible.
   It provides partial protection from all sources of acid and corrosion.
 g - an amulet of harm (around neck)
 h - a +4 ring of protection (left claw)
 n - a +5 ring of dexterity
 p - the ring "Maenellagu" {rN+ MP+9}
   (You found it in a Gauntlet)

   [ring of magical power]

   It protects you from negative energy.
   It affects your magic capacity (+9).
 y - an uncursed amulet of the acrobat
 H - an uncursed ring of wizardry
 J - the ring of the Mage {Wiz MR++ Int+3}
   (You found it in a Gauntlet)

   [ring of wizardry]

   It improves your spell success rate.
   It affects your intelligence (+3).
   It affects your resistance to hostile enchantments.
Wands
 e - a wand of flame (8)
 C - a wand of iceblast (8)
 I - a wand of acid (16)
Scrolls
 b - 4 scrolls of magic mapping
 j - 3 scrolls of immolation
 k - a scroll of noise
 m - a scroll of vulnerability
 o - 8 scrolls of teleportation
 w - 2 scrolls of remove curse
 B - 2 scrolls of amnesia
 D - a scroll of fog
 K - a scroll of acquirement {unknown}
Potions
 a - 2 potions of magic
 i - 2 potions of resistance
 q - a potion of haste {unknown}
 r - 2 potions of cancellation
 s - a potion of might
 t - a potion of degeneration {unknown}
 v - 4 potions of curing
 L - a potion of flight {unknown}
 M - a potion of berserk rage
 N - 2 potions of heal wounds
 O - a potion of agility
 P - a potion of brilliance
Miscellaneous
 A - a phial of floods (inert)
Comestibles
 f - 20 rations


   Skills:
 + Level 7.8 Fighting
 * Level 17.8 Polearms
 - Level 1.7 Throwing
 - Level 2.6 Dodging


You had 11 spell levels left.
You didn't know any spells.
Your spell library contained the following spells:

 Spells                   Type           Power        Failure   Level  Hunger
 Animate Skeleton         Necr           N/A          45%         1    ##.....
 Corona                   Hex            #......      45%         1    ##.....
 Summon Small Mammal      Summ           #...         45%         1    ##.....
 Call Imp                 Summ           #.......     58%         2    ###....
 Ensorcelled Hibernation  Hex/Ice        #.....       58%         2    ###....
 Call Canine Familiar     Summ           #.......     82%         3    ####...
 Confuse                  Hex            #.......     82%         3    ####...
 Dazzling Spray           Conj/Hex       #.....       82%         3    ####...
 Recall                   Summ/Tloc      N/A          82%         3    ####...
 Summon Guardian Golem    Hex/Summ       #.......     82%         3    ####...
 Tukima's Dance           Hex            #.......     82%         3    ####...
 Vampiric Draining        Necr           #.........   82%         3    ####...
 Summon Ice Beast         Ice/Summ       #.......     99%         4    #####..
 Summon Lightning Spire   Summ/Air       #.......     99%         4    #####..
 Aura of Abjuration       Summ           #.........   100%        5    ######.
 Dispel Undead            Necr           #.......     100%        5    ######.
 Irradiate                Conj/Tmut      #.........   100%        5    ######.
 Summon Demon             Summ           #.........   100%        5    ######.
 Summon Forest            Summ/Tloc      #.........   100%        5    ######.
 Summon Mana Viper        Hex/Summ       #.......     100%        5    ######.
 Shadow Creatures         Summ           N/A          100%        6    #######
 Simulacrum               Ice/Necr       #.........   100%        6    #######


Dungeon Overview and Level Annotations

Branches:
Dungeon (13/15)            Temple (1/1) D:5            Lair (0/6) D:9
    Orc (0/2) D:11        Gauntlet (visited)
 Vaults: D:13-14

Shops:
D:4 *   D:7 [   D:8 %   D:13 !

Annotations:
D:5 2 runed translucent doors, sneaky's ghost, novice VSFi
D:11 1 runed translucent door, exclusion: orange crystal statue, 1994's ghost, journeyman DgIE
D:13 Frances


Innate Abilities, Weirdness & Mutations

You have an increased reservoir of magic. (+10% MP)
You have sharp fingernails.
You have sharp toenails.
Your flesh is heat resistant. (rF+)
Your spells are a little harder to cast, but a little more powerful.


Message History

Aim: Frances, wielding a +0 halberd and wearing a +0 leather armour (severely wounded, fast)
You reach to attack!
You closely miss Frances.
Frances is severely wounded.
The sixfirhy misses you. The sixfirhy hits you. The sixfirhy shocks you!
The rust devil hits you.
Frances hits you from afar with a +0 halberd!
Unknown command.
Attack whom?
Press: ? - help, Dir - move target cursor, f/p - Frances
Aim: Frances, wielding a +0 halberd and wearing a +0 leather armour (severely wounded, fast)
The sixfirhy is in the way.
You impale the sixfirhy!! Your kick misses the sixfirhy.
The sixfirhy is almost dead.
The sixfirhy hits you. The sixfirhy shocks you!
The sixfirhy closely misses you. The sixfirhy hits you!
* * * LOW HITPOINT WARNING * * *
The sixfirhy shocks you!
* * * LOW HITPOINT WARNING * * *
The sixfirhy hits you!
You die...

########..#
..........#
..........#
........#.#
.....>..#.##
.........#.#
...........##
..........#.#
..........@4#
........33#.#
.........@#.#
#............
##..........
###....(#..
###..#...#
##. ...


You could see Frances, a rust devil and 2 sixfirhies.

Vanquished Creatures
  Kirke (D:13)
  A minotaur (Gauntlet)
  Harold (D:9)
  A two-headed ogre (D:13)
  2 thrashing horrors (Gauntlet)
  2 unseen horrors
  A manticore (D:11)
  5 cyclopes
  2 centaur zombies
  Psyche (D:9)
  2 centaur skeletons
  A queen bee (Gauntlet)
  3 trolls
  2 hornets
  5 slime creatures
  3 hippogriffs
  2 wyverns
  36 yaks
  3 wraiths
  8 hogs
  A human (D:7)
  2 hungry ghosts
  2 small abominations (Gauntlet)
  An acid dragon (D:13)
  2 water moccasins
  4 orc warriors
  A porcupine (D:9)
  6 black bears
  5 ice beasts
  2 necrophages
  3 sky beasts
  2 phantoms (D:10)
  4 ogres
  5 centaurs
  2 crocodiles
  2 big kobolds
  5 bullfrogs
  A wyvern skeleton (D:10)
  25 killer bees
  8 wights
  3 lava snakes (D:11)
  An electric eel (D:8)
  5 howler monkeys
  2 crimson imps
  2 quasits
  3 bullfrog zombies
  6 hounds
  8 jellies
  3 bullfrog skeletons
  2 orc priests
  9 orc wizards
  4 iguanas
  10 worker ants
  2 killer bee zombies
  A hound skeleton (D:4)
  2 worker ant zombies
  A howler monkey zombie (D:4)
  14 gnolls
  15 adders
  5 shadow imps
  An adder zombie (D:5)
  6 worms
  A dart slug (D:1)
  6 leopard geckos
  52 orcs
  8 bats
  4 giant cockroaches
  4 goblins
  4 hobgoblins
  11 kobolds
  6 quokkas
  2 ball pythons
  4 frilled lizards
  A jackal skeleton (D:7)
  2 leopard gecko skeletons
  8 rats
383 creatures vanquished.

Vanquished Creatures (collateral kills)
  An ugly thing (D:12)
  An eye of draining (D:12)
  An orc (D:12)
3 creatures vanquished.

Vanquished Creatures (others)
  A gnoll (D:8)
  8 fungi
  13 plants
22 creatures vanquished.

Grand Total: 408 creatures vanquished

Notes
Turn   | Place    | Note
-------+----------+-------------------------------------------
     0 | D:1      | Johnny the Demigod Gladiator began the quest for the Orb.
     0 | D:1      | Reached XP level 1. HP: 17/17 MP: 3/3
   194 | D:1      | Reached skill level 3 in Polearms
   230 | D:1      | Reached XP level 2. HP: 19/24 MP: 4/4
   633 | D:2      | Found a basalt altar of Yredelemnul.
   644 | D:2      | Reached XP level 3. HP: 20/29 MP: 5/5
   654 | D:2      | Reached skill level 4 in Polearms
   667 | D:2      | Gained mutation: You have sharp toenails. [potion of
                  | mutation]
   667 | D:2      | Gained mutation: Your spells are a little harder to cast,
                  | but a little more powerful. [potion of mutation]
   667 | D:2      | Gained mutation: Your flesh is heat resistant. (rF+)
                  | [potion of mutation]
   667 | D:2      | Gained mutation: You have sharp fingernails. [potion of
                  | mutation]
  1638 | D:3      | Reached XP level 4. HP: 35/36 MP: 6/6
  1792 | D:3      | Reached skill level 5 in Polearms
  2348 | D:4      | Reached XP level 5. HP: 41/41 MP: 7/7
  2607 | D:4      | Reached skill level 6 in Polearms
  2750 | D:4      | Found Jyips's Assorted Antiques.
  2774 | D:4      | Reached XP level 6. HP: 19/48 MP: 8/8
  3105 | D:5      | Entered Level 5 of the Dungeon
  3107 | D:5      | Found a large runed translucent door.
  3107 | D:5      | Found a large runed translucent door.
  3111 | D:5      | Reached skill level 7 in Polearms
  3113 | D:5      | Noticed sneaky's ghost (novice VSFi)
  3133 | D:5      | Found a staircase to the Ecumenical Temple.
  3361 | D:5      | Reached XP level 7. HP: 43/53 MP: 9/9
  3374 | D:5      | Reached skill level 8 in Polearms
  3768 | D:5      | Found a glowing drain.
  3959 | Temple   | Entered the Ecumenical Temple
  4192 | D:6      | Reached skill level 9 in Polearms
  4923 | D:6      | Reached XP level 8. HP: 44/60 MP: 10/10
  5300 | D:6      | Reached skill level 10 in Polearms
  5755 | D:7      | Reached skill level 11 in Polearms
  5857 | D:7      | Noticed a hippogriff
  5864 | D:7      | Killed a hippogriff
  5886 | D:7      | Reached XP level 9. HP: 31/67 MP: 11/11
  6283 | D:7      | Found an ornate altar of the Wu Jian Council.
  6357 | D:7      | Found Poteydgh's Antique Armour Shop.
  6365 | D:7      | Bought a glowing scale mail for 189 gold pieces
  6433 | D:7      | Reached skill level 12 in Polearms
  6779 | D:8      | Reached skill level 13 in Polearms
  7252 | D:8      | Found Doczi's Food Shop.
  7547 | D:8      | Noticed a cyclops
  7555 | D:8      | Killed a cyclops
  7555 | D:8      | Reached XP level 10. HP: 35/73 MP: 13/13
  7918 | D:9      | Noticed Psyche
  7931 | D:9      | Killed Psyche
  7990 | D:9      | Noticed Harold
  8042 | D:9      | Killed Harold
  8042 | D:9      | Reached skill level 14 in Polearms
  8202 | D:9      | Found a staircase to the Lair.
  8380 | D:9      | Reached skill level 15 in Polearms
  8493 | D:10     | Entered Level 10 of the Dungeon
  8631 | D:10     | Reached XP level 11. HP: 28/80 MP: 14/14
  9153 | D:11     | Noticed an orange crystal statue
  9520 | D:11     | Found a staircase to the Orcish Mines.
  9840 | D:11     | Reached skill level 16 in Polearms
  9890 | D:11     | Found a runed translucent door.
  9896 | D:11     | Noticed 1994's ghost (journeyman DgIE)
  9897 | D:11     | Noticed a spriggan rider
  9897 | D:11     | Identified the cursed +0 spear of Annihilation {vamp, MR+
                  | Int-5 Dex+4}
 10271 | D:12     | Found a gate leading to a gauntlet.
 10280 | Gauntlet | Entered a Gauntlet
 10280 | Gauntlet | Found a transporter.
 10280 | Gauntlet | Found a transporter.
 10286 | Gauntlet | Found a transporter.
 10301 | Gauntlet | Found a transporter.
 10319 | Gauntlet | Found a transporter.
 10328 | Gauntlet | Found a transporter.
 10343 | Gauntlet | Noticed a thrashing horror
 10344 | Gauntlet | Noticed a thrashing horror
 10345 | Gauntlet | Found a transporter.
 10411 | Gauntlet | Found a transporter.
 10426 | Gauntlet | Found a transporter.
 10442 | Gauntlet | Found a transporter.
 10454 | Gauntlet | Found a transporter.
 10477 | Gauntlet | Noticed a shock serpent
 10477 | Gauntlet | a shining eye changed into a shock serpent
 10478 | Gauntlet | a shock serpent changed into a cyclops
 10546 | Gauntlet | Found a transporter.
 10556 | Gauntlet | Found a transporter.
 10566 | Gauntlet | Found a transporter.
 10590 | Gauntlet | Found a transporter.
 10591 | Gauntlet | Noticed a death scarab
 10600 | Gauntlet | Found a transporter.
 10625 | Gauntlet | Reached skill level 5 in Fighting
 10645 | Gauntlet | Got a vibrating copper ring
 10652 | Gauntlet | Identified the ring "Lusatwas" {rCorr MP+9 SInv} (You found
                  | it in a Gauntlet)
 11045 | Gauntlet | Killed a thrashing horror
 11048 | Gauntlet | Killed a thrashing horror
 11061 | Gauntlet | Got a slimy wooden ring
 11067 | Gauntlet | Identified the ring "Maenellagu" {rN+ MP+9} (You found it
                  | in a Gauntlet)
 11082 | Gauntlet | Identified the cursed +0 arbalest of Trial by Ordeal
                  | {freeze, Int+2}
 11082 | Gauntlet | Noticed a minotaur
 11095 | Gauntlet | Killed a minotaur
 11266 | Gauntlet | Identified the Almanac of Sinister Transmigration
 11267 | Gauntlet | Found the ring of the Mage {Wiz MR++ Int+3}
 11275 | D:12     | Noticed an unseen horror
 11280 | D:12     | Killed an unseen horror
 11364 | D:12     | Reached XP level 12. HP: 96/96 MP: 15/15
 11462 | D:12     | Reached skill level 17 in Polearms
 11745 | D:12     | Found a shadowy altar of Dithmenos.
 12195 | D:13     | Noticed Kirke
 12204 | D:13     | Noticed a sphinx
 12253 | D:13     | Noticed Frances
 12263 | D:13     | Found Amayhuex's Distillery.
 12325 | D:13     | Bought a potion of berserk rage for 75 gold pieces
 12325 | D:13     | Bought 2 potions of heal wounds for 150 gold pieces
 12325 | D:13     | Bought a potion of agility for 60 gold pieces
 12325 | D:13     | Bought a potion of brilliance for 60 gold pieces
 12325 | D:13     | Bought a potion of curing for 45 gold pieces
 12444 | D:13     | Killed Kirke
 12452 | D:13     | Got a dull robe
 12756 | D:13     | Slain by a sixfirhy

Levels and vault maps discovered:
D:1:      minmay_arrival_plants_in_alcoves, layout_rooms, minmay_pentomino_z4
D:2:      layout_basic, serial_forest, infiniplex_forest_zigzag_1,
          infiniplex_forest_straight_3, infiniplex_forest_clump_tiny,
          infiniplex_forest_lined_3_way, infiniplex_forest_fountain,
          infiniplex_forest_end_2, infiniplex_forest_side_room,
          infiniplex_forest_clump_tiny, yredelemnul_altar_generic
D:3:      layout_basic
D:4:      layout_cave_pools, serial_shops, nicolae_shop_overgrown_old_shop,
          first_ration, serial_bayou_pond_a, st_stairs_1
D:5:      layout_loops_ring, gup_sewer_entry_bubbles,
          ebering_ghost_disaster_area
D:6:      layout_cave_pods
D:7:      layout_basic, old_standard_altar, serial_shops, shop, serial_rivers,
          chequers_serial_rivers_small_b, chequers_serial_rivers_large_a,
          chequers_serial_rivers_micro_d, chequers_serial_rivers_room_a,
          grunt_livestock
D:8:      layout_basic, serial_shops, shop_statue, minivault_25
D:9:      layout_roguey, grunt_lair_entry_orc_guard_hut, uniq_psyche,
          uniq_harold
D:10:     layout_cave_pools
D:11:     layout_roguey, orc_0_dummy, ebering_ghost_funeral_grove,
          disabler_island
D:12:     layout_big_octagon, gauntlet_entry_generic, grunt_dithmenos_smoke
D:13:     layout_cave_pods, serial_shops, shop, uniq_frances, uniq_kirke
Temple:   regret_index_temple_sigil_plot

Skill      XL: |  1  2  3  4  5  6  7  8  9 10 11 12 |
---------------+-------------------------------------+-----
Polearms       | 3 4 5 6 7 9 11 13 15 16 17 | 17.8
Fighting       | 2 6 7 |  7.8
Throwing       | |  1.7
Dodging        | |  2.6

Action                   |  1- 3 |  4- 6 |  7- 9 | 10-12 || total
-------------------------+-------+-------+-------+-------++-------
Melee: Trident           |   130 |    93 |       |       ||   223
       Kick              |     8 |    57 |    73 |   159 ||   297
       Halberd           |       |   101 |   322 |   519 ||   942
Throw: Throwing net      |     1 |     2 |       |     3 ||     6
Evoke: Wand              |       |       |     1 |    19 ||    20
       Phial of floods   |       |       |       |     2 ||     2
       Box of beasts     |       |       |       |     1 ||     1
  Use: Potion            |     1 |       |     1 |     5 ||     7
       Scroll            |       |       |    16 |    11 ||    27
 Stab: Sleeping          |     1 |       |       |     1 ||     2
       Distracted        |     1 |       |       |       ||     1
       Paralysed         |       |       |     2 |       ||     2
       Held in net/web   |       |       |       |     5 ||     5
  Eat: Chunk             |     2 |     6 |    13 |    16 ||    37
       Ration            |       |       |       |     1 ||     1
Armor: Leather armour    |     5 |       |    16 |       ||    21
       Ring mail         |    29 |    53 |    63 |       ||   145
       Scale mail        |       |       |    20 |    44 ||    64
       Troll leather arm |       |       |       |    82 ||    82
       Skin              |       |       |       |    45 ||    45
Dodge: Dodged            |    67 |    99 |   181 |   257 ||   604
